 Dungeon Crawl Stone Soup version 0.28-a0-751-gef3a642a4e (console) character file.

Game seed: 4345653555803692063

198 jejorda2 the Cudgeller (level 5, 0/42 HPs)
             Began as a Demonspawn Berserker on Oct 30, 2021.
             Was a Believer of Trog.
             Slain by a gnoll (5 damage)
             ... on level 3 of the Dungeon.
             The game lasted 00:04:11 (2265 turns).

jejorda2 the Cudgeller (Demonspawn Berserker)       Turns: 2265, Time: 00:04:11

Health: 0/42       AC:  5    Str: 18    XL:     5   Next: 47%
Magic:  5/5        EV: 11    Int:  8    God:    Trog [**....]
Gold:   83         SH:  0    Dex: 15    Spells: 4/4 levels left

rFire   . . .      SeeInvis .   a - +0 flail
rCold   . . .      Faith    .   (no shield)
rNeg    . . .      Spirit   .   d - +0 ring mail
rPois   .          Reflect  .   (no helmet)
rElec   .          Harm     .   (no cloak)
rCorr   .          Rampage  .   (no gloves)
Will    .....                   (no boots)
Stlth   ++........              (no amulet)
HPRegen 0.14/turn               (no ring)
MPRegen 0.09/turn               (no ring)

@: on berserk cooldown, flying, slowed, very slow
A: hooves 2, thin skeletal structure 1, powered by death 1
a: Renounce Religion, Berserk, Trog's Hand


You were on level 3 of the Dungeon.
You worshipped Trog.
Trog was pleased with you.
You visited 1 branch of the dungeon, and saw 3 of its levels.

You collected 83 gold pieces.

Inventory:

Hand Weapons
 a - a +0 flail (weapon)
 b - a +0 whip
 j - a +0 hunting sling
Missiles
 c - 25 sling bullets
 g - 33 stones (quivered)
Armour
 d - a +0 ring mail (worn)
Scrolls
 e - 2 scrolls of identify {unknown}
 h - a scroll of teleportation {unknown}
Potions
 i - a potion of cancellation {unknown}


   Skills:
 + Level 4.0 Fighting
 * Level 4.4 Maces & Flails
 + Level 3.0 Armour
 - Level 1.7 Dodging


You had 4 spell levels left.
You didn't know any spells.
Your spell library was empty.

Dungeon Overview and Level Annotations

Branches:
Dungeon (3/15)

Altars:

Shops:
D:2 :


Innate Abilities, Weirdness & Mutations

You have hoof-like feet.
You have a somewhat thin skeletal structure. (Dex +2, Stealth+)
You regenerate a little health from kills.


Message History

The gnoll hits you from afar with a +0 halberd.
Your Maces & Flails skill increases to level 4!
The ice beast hits you but does no damage.
The gnoll hits you with a +0 halberd! The gnoll hits you but does no damage.
You see here a +0 whip.
You are too injured to fight recklessly!
You are too injured to fight recklessly!
You are too injured to fight recklessly!
You are too injured to fight recklessly!
You are too injured to fight recklessly!
You are too injured to fight recklessly!
You bludgeon the ice beast!!
The ice beast is severely wounded.
The ice beast barely misses you.
The gnoll hits you from afar with a +0 spear.
The gnoll hits you but does no damage.
You sock the ice beast!
You kill the ice beast!
Trog accepts your kill.
Your Fighting skill increases to level 4!
Your Armour skill increases to level 3!
You have reached level 5!
Your demonic ancestry asserts itself...
A wave of death washes over you.
Press: ? - help, v - describe, . - travel
Here: a gnoll, wielding a +0 spear The floor.
Unknown command.
You barely miss the gnoll. Your kick misses the gnoll.
You are no longer berserk.
You are exhausted.
You feel yourself slow down.
The gnoll hits you from afar with a +0 spear.
* * * LOW HITPOINT WARNING * * *
The gnoll hits you with a +0 halberd.
* * * LOW HITPOINT WARNING * * *
It was a potion of flight.
You feel very buoyant.
You fly up into the air.
The gnoll hits you with a +0 flail.
You die...

. ######### .Y
#......<# ...
#.####### #....
#.......#
.##..##.#####.#
........#####.#
###.###.g@††..#
#.....#.g######
g#..>..#.g#
.g......†.#
.#.....#..#
#.....#..#
###.###..# ...
...# .## ...#


You could see 3 gnolls.

Vanquished Creatures
  An ice beast (D:3)
  4 adders (D:2)
  A gnoll (D:3)
  2 worms (D:2)
  A dart slug (D:1)
  5 ball pythons
  4 bats
  5 endoplasms
  6 giant cockroaches
  5 goblins
  5 hobgoblins
  2 quokkas (D:1)
  2 frilled lizards
  6 kobolds
  6 rats
55 creatures vanquished.

Notes
Turn   | Place    | Note
-------+----------+-------------------------------------------
     0 | D:1      | jejorda2 the Demonspawn Berserker began the quest for the
                  | Orb.
     0 | D:1      | Reached XP level 1. HP: 18/18 MP: 1/1
   202 | D:1      | Found a faded altar of an unknown god.
   419 | D:1      | Gained mutation: You have large cloven feet. [demonic
                  | ancestry]
   419 | D:1      | Reached XP level 2. HP: 24/24 MP: 2/2
   803 | D:1      | Gained mutation: You have hoof-like feet. [demonic
                  | ancestry]
   803 | D:1      | Reached XP level 3. HP: 29/29 MP: 3/3
   805 | D:1      | Reached ** piety under Trog
  1665 | D:2      | Found Abekoj Ofivo's Book Shop.
  1904 | D:2      | Gained mutation: You have a somewhat thin skeletal
                  | structure. (Dex +2, Stealth+) [demonic ancestry]
  1904 | D:2      | Reached XP level 4. HP: 35/35 MP: 4/4
  2248 | D:3      | Noticed an ice beast
  2263 | D:3      | Killed an ice beast
  2264 | D:3      | Gained mutation: You regenerate a little health from kills.
                  | [demonic ancestry]
  2264 | D:3      | Reached XP level 5. HP: 20/42 MP: 5/5
  2265 | D:3      | Slain by a gnoll

Illustrated notes

Levels and vault maps discovered:
D:1:      lemuel_arrival_tunnels, layout_loops_ring, basic_ecumenical_altar,
          minmay_box_of_dots
D:2:      layout_basic, serial_shops, nicolae_shop_crystal
D:3:      layout_basic, grunt_decor_junction, st_stairs_3,
          uniq_crazy_yiuf_cottage, uniq_sigmund

Skill      XL: |  1  2  3  4 |
---------------+-------------+-----
Maces & Flails | 3 4 |  4.4
Armour         | 2 3 |  3.0
Fighting       | 4 |  4.0
Dodging        | |  1.7

Action                   |  1- 3 |  4- 6 || total
-------------------------+-------+-------++-------
Melee: Mace              |    75 |       ||    75
       Kick              |    25 |     9 ||    34
       Flail             |    24 |    23 ||    47
Throw: Stone             |     5 |       ||     5
Invok: Berserk           |     1 |     1 ||     2
  Use: Potion            |       |     1 ||     1
 Stab: Sleeping          |     1 |     1 ||     2
       Distracted        |     1 |       ||     1
Armor: Ring mail         |    28 |     9 ||    37
       Animal skin       |     1 |       ||     1
Dodge: Dodged            |    64 |    13 ||    77

Table legend: (Time is in decaauts)
 A = Elapsed time spent in this place.
 B = Non-inter-level travel time spent in this place.
 C = Inter-level travel time spent in this place.
 D = Time resting spent in this place.
 E = Time spent auto-exploring this place.
 F = Levels seen in this place.
 G = Mean time per level.
                   A        B        C        D        E       F      G
               +--------+--------+--------+--------+--------+-----+--------+
         Total |   2301 |   2145 |    156 |      8 |   1780 |   3 |  767.0 |
       Dungeon |   2301 |   2145 |    156 |      8 |   1780 |   3 |  767.0 |
               +--------+--------+--------+--------+--------+-----+--------+

Top non-repeatable levels by time:
     D:1: 1155 daAuts
     D:2: 1112 daAuts
     D:3: 33 daAuts
